 Dungeon Crawl Stone Soup version 0.30-a0-263-ge22c4ad894 (webtiles) character file.

Game seed: 13339008062701823763

1758 sscrono2 the Martial Artist (level 9, 0/56 HPs)
             Began as an Octopode Delver on Oct 13, 2022.
             Was a Follower of Uskayaw.
             Shot with an arrow by a centaur (7 damage)
             ... on level 7 of the Dungeon.
             The game lasted 00:18:59 (6564 turns).

sscrono2 the Martial Artist (Octopode Delver)       Turns: 6564, Time: 00:18:59

Health: 0/56       AC:  1    Str: 11    XL:     9   Next: 6%
Magic:  24/24      EV: 13    Int: 17    God:    Uskayaw [*.....]
Gold:   112        SH:  0    Dex: 13    Spells: 1/8 levels left

rFire   + . .      SeeInvis .    A - +1 dagger (flame)
rCold   . . .      Faith    +    (no shield)
rNeg    . . .      Spirit   .    (helmet restricted)
rPois   .          Reflect  .    q
                                   - Hermit's Pendant {Faith Invo=14 Evo=0 MP+5}
rElec   .          Harm     .    h - ring of protection from fire
rCorr   .          Rampage  .    o - ring of flight
Will    .....                    (no ring)
Stlth   ++++......               (no ring)
HPRegen 0.29/turn                (no ring)
MPRegen 0.19/turn                (no ring)
                                 (no ring)
                                 (no ring)

@: flying
A: almost no armour, amphibious, 8 rings, camouflage 1, gelatinous body 1,
(nimble swimmer 1), tentacles
a: Renounce Religion, Stomp


You were on level 7 of the Dungeon.
You worshipped Uskayaw.
Uskayaw was noncommittal.
You visited 2 branches of the dungeon, and saw 8 of its levels.

You collected 304 gold pieces.
You spent 192 gold pieces at shops.

Inventory:

Hand Weapons
 y - a +3 long sword of flaming
 A - a +1 dagger of flaming (weapon)
Missiles
 c - a throwing net
 s - 8 poisoned darts (quivered)
Magical Staves
 w - a staff of death
Jewellery
 h - a ring of protection from fire (left tentacle)
 o - a ring of flight (right tentacle)
 q - the Hermit's Pendant (around mantle) {Faith Invo=14 Evo=0 MP+5}
   (You found it on level 3 of the Dungeon)

   [amulet of faith]

   It sets your invocations skill to 14 and your evocations skill to 0.
   It allows you to gain divine favour quickly.
   MP:        It affects your magic capacity (+5).
Wands
 e - a wand of digging (3)
 j - a wand of flame (50)
 m - a wand of polymorph (6)
Scrolls
 a - a scroll of fog
 b - 3 scrolls of magic mapping
 f - a scroll of enchant armour
 g - 2 scrolls of teleportation
 i - a scroll of summoning {unknown}
 l - 2 scrolls of noise
 n - 3 scrolls of poison
 r - 2 scrolls of amnesia
 v - a scroll of immolation {unknown}
 x - a scroll of blinking {unknown}
 z - a scroll of torment {unknown}
 B - 2 scrolls of vulnerability {unknown}
Potions
 d - 4 potions of haste
 k - 3 potions of curing
 p - 2 potions of attraction
 u - a potion of heal wounds {unknown}


   Skills:
 - Level 3.0 Fighting
 - Level 2.0 Dodging
 - Level 6.6 Stealth
 - Level 11.4 Unarmed Combat
 + Level 0.0 Spellcasting
 * Level 0.1 Transmutations
 * Level 0.1 Air Magic


You had one spell level left.
You knew the following spells:

 Your Spells              Type           Power      Damage    Failure   Level
a - Storm Form            Tmut/Air       0%         N/A       100%        7

Your spell library contained the following spells:

 Spells                   Type           Power      Damage    Failure   Level
 Slow                     Hex            0%         N/A       24%         1
 Blink                    Tloc           0%         N/A       34%         2
 Cigotuvi's Dreadful Rot  Necr/Pois/Air  0%         N/A       34%         2
 Static Discharge         Conj/Air       0%         2-2/arc   34%         2
 Confusing Touch          Hex            0%         N/A       56%         3
 Gell's Gravitas          Tloc           0%         N/A       56%         3
 Teleport Other           Tloc           0%         N/A       56%         3
 Vampiric Draining        Necr           0%         2d6       56%         3
 Vhi's Electric Charge    Tloc/Air       0%         N/A       56%         3
 Dispel Undead            Necr           0%         3d6       93%         4
 Manifold Assault         Tloc           0%         N/A       93%         4
 Arcjolt                  Conj/Air       0%         1d10      100%        5
 Lightning Bolt           Conj/Air       0%         1d11      100%        5
 Death Channel            Necr           0%         N/A       100%        6
 Dispersal                Tloc           0%         N/A       100%        6


Dungeon Overview and Level Annotations

Branches:
Dungeon (7/15)             Temple (1/1) D:6

Altars:
Ashenzari
Cheibriados
Dithmenos
Elyvilon
Fedhas
Gozag
Hepliaklqana
Kikubaaqudgha
Makhleb
Nemelex Xobeh
Okawaru
Ru
Sif Muna
Trog
Uskayaw
Vehumet
Wu Jian
Xom
Yredelemnul
Zin
The Shining One

Shops:
D:3 *   D:5 (


Innate Abilities, Weirdness & Mutations

You cannot wear most types of armour.
You are amphibious.
You can wear up to eight rings at the same time.
Your skin changes colour to match your surroundings (Stealth+).
Your rubbery body absorbs attacks. (AC +1, EV +1)
((You are camouflaged when in or above water. (Stealth+)))
You have tentacles for arms and can constrict up to eight enemies at once.


Message History

The helpless gnoll fails to defend itself.
You impale the gnoll!! You burn the gnoll.
You kill the gnoll!
The yak bellows! x2; The steam dragon hisses angrily.
The howler monkey howls!
The yak bellows!
The orc shouts! x2
The howler monkey hoots and howls with incredible vigour!
The gnoll shouts!
The howler monkey howls!
The yak bellows! x2
The howler monkey howls!
The orc priest shouts!
You hear a loud, deep croak!
Okay, then.
The orc attacks as you move away! The orc hits you with a +0 flail.
The orc attacks as you move away! The orc misses you.
You barely miss the orc. You grab the orc. You squeeze the orc!
You kill the orc!
You hit the yak but do no damage. The yak gores you!
The yak attacks as you move away! The yak gores you.
As you read the scroll of teleportation, it crumbles to dust.
You feel strangely unstable. The yak gores you!
The yak attacks as you move away! The yak gores you!
Your surroundings suddenly seem different.
A centaur, an orc wizard and 2 orcs come into view.
An orc is wielding a +2 mace of venom.
The centaur wields a +0 shortbow.
The centaur shoots an arrow.
The arrow hits you!
* * * LOW HITPOINT WARNING * * *
The orc shouts!
Okay, then.
Okay, then.
Okay, then.
Okay, then.
The orc wizard mumbles some strange words.
The orc wizard flickers and vanishes!
Deactivating autopickup; reactivate with Ctrl-A.
As you read the scroll of teleportation, it crumbles to dust.
You feel strangely unstable.
The centaur shoots an arrow.
The arrow barely misses you.
The orc shouts!
It was a potion of cancellation.
You feel strangely stable.
You feel magically purged.
The centaur shoots an arrow.
The arrow hits you!
You die...

#. #.# ###.##.### ..
###...##.# #...#.##.#
###...##.# #
#....##.### #o###
##....##...[ #....##
#...#.#..###
#####.o.#######....##.#
........@....#.....##.#
#####...####.#.##..#..#
##.## #.#...##.# #c
##....##.# ..
#..#..##.# .#c
##.#..##.# #.#.
#..#.##.# # #.
####..##.# #..##.##.#


You could see a centaur and 2 orcs.

Vanquished Creatures
  Pikel (D:4)
  Prince Ribbit (D:5)
  Sigmund (D:2)
  A wyvern (D:7)
  A lemure (D:4)
  Blork the orc (D:6)
  A bullfrog (D:6)
  A scorpion (D:7)
  A necrophage (D:6)
  2 hounds
  A gnoll bouda (D:7)
  2 orc priests (D:6)
  3 iguanas
  3 orc wizards
  7 gnolls
  11 adders
  An ufetubus (D:6)
  4 dart slugs
  4 worms (D:2)
  10 orcs
  11 ball pythons
  6 endoplasms
  4 giant cockroaches
  5 goblins
  7 hobgoblins
  A quokka (D:2)
  8 bats
  7 frilled lizards
  7 kobolds
  4 rats
  A bush (D:4)
118 creatures vanquished.

Notes
Turn   | Place    | Note
-------+----------+-------------------------------------------
     0 | D:5      | sscrono2 the Octopode Delver began the quest for the Orb.
     0 | D:5      | Reached XP level 1. HP: 16/16 MP: 1/1
    97 | D:5      | Found a hazy altar of Hepliaklqana.
   186 | D:5      | Reached XP level 2. HP: 21/21 MP: 2/2
   210 | D:5      | Noticed Prince Ribbit
   337 | D:5      | Reached skill level 3 in Unarmed Combat
   425 | D:3      | Found Exzegul's Assorted Antiques.
   431 | D:3      | Reached XP level 3. HP: 25/26 MP: 3/3
   439 | D:3      | Bought a scroll labelled OMOYCAS SOIT for 24 gold pieces
   439 | D:3      | Bought a scroll labelled OMOYCAS SOIT for 24 gold pieces
   538 | D:3      | Bought a scroll labelled QUNNAC YXKOAD for 24 gold pieces
   569 | D:3      | Identified the +1 robe of Death's Door {rF+ Stlth+}
   685 | D:3      | Reached skill level 4 in Unarmed Combat
   789 | D:3      | Found the Hermit's Pendant {Faith Invo=14 Evo=0 MP+5}
   812 | D:3      | Noticed a +0 short sword
   812 | D:3      | Noticed a +0 falchion
   812 | D:3      | Noticed a +0 spear
   812 | D:3      | Noticed a +0 dagger
   812 | D:3      | Noticed a +0 spear
   812 | D:3      | Noticed a +0 dagger
   813 | D:3      | Noticed a +0 short sword
   814 | D:3      | Noticed a +0 falchion
   816 | D:3      | Found a hide-covered altar of Uskayaw.
   926 | D:3      | Reached XP level 4. HP: 20/31 MP: 13/13
  1093 | D:4      | Found an iron altar of Okawaru.
  1306 | D:4      | Noticed a lemure
  1306 | D:4      | Noticed a lemure
  1306 | D:4      | Noticed a lemure
  1376 | D:3      | Found a faded altar of an unknown god.
  1380 | D:3      | Found a glowing golden altar of the Shining One.
  1453 | D:3      | Found a white marble altar of Elyvilon.
  1836 | D:2      | Reached skill level 5 in Unarmed Combat
  1869 | D:2      | Reached XP level 5. HP: 28/36 MP: 14/14
  1974 | D:2      | Identified the +4 hand axe "Yvucwahall" {vorpal, Str-2
                  | Int+3 Stlth+}
  2301 | D:2      | Noticed Sigmund
  2318 | D:2      | Killed Sigmund
  2319 | D:2      | Reached skill level 6 in Unarmed Combat
  2319 | D:2      | Reached XP level 6. HP: 32/42 MP: 16/16
  2578 | D:1      | Found a faded altar of an unknown god.
  3034 | D:4      | Noticed Pikel
  3057 | D:4      | Killed Pikel
  3058 | D:4      | Reached skill level 8 in Unarmed Combat
  3058 | D:4      | Reached XP level 7. HP: 46/46 MP: 17/17
  3372 | D:5      | Found a glowing silver altar of Zin.
  3951 | D:5      | Reached skill level 9 in Unarmed Combat
  3951 | D:5      | Reached XP level 8. HP: 52/52 MP: 18/18
  4180 | D:5      | Killed Prince Ribbit
  4419 | D:3      | Became a worshipper of Uskayaw the Reveller
  4520 | D:6      | Reached * piety under Uskayaw
  4521 | D:6      | Reached ** piety under Uskayaw
  4522 | D:6      | Reached skill level 10 in Unarmed Combat
  4814 | D:3      | Bought a scroll of poison for 96 gold pieces
  4814 | D:3      | Bought a scroll labelled VIUXOV ERUCRUNG for 24 gold pieces
  4948 | D:6      | Noticed Blork the orc
  4956 | D:6      | Killed Blork the orc
  4982 | D:6      | Found a staircase to the Ecumenical Temple.
  5092 | Temple   | Entered the Ecumenical Temple
  5492 | D:6      | Reached *** piety under Uskayaw
  6035 | D:7      | Reached skill level 11 in Unarmed Combat
  6181 | D:7      | Noticed a wyvern
  6190 | D:7      | Killed a wyvern
  6191 | D:7      | Reached XP level 9. HP: 43/56 MP: 19/19
  6323 | D:7      | Reached **** piety under Uskayaw
  6509 | D:7      | Learned a level 7 spell: Storm Form
  6564 | D:7      | Shot with an arrow by a centaur

Illustrated notes

Levels and vault maps discovered:
D:1:      minmay_arrival_five_plusses, layout_rooms,
          ebering_ecumenical_altar_mist
D:2:      layout_rooms, nrook_mini_backslash, grunt_decor_resistance,
          nicolae_elevator_lobby_asterisk, uniq_sigmund
D:3:      layout_basic, nicolae_uskayaw_en_pointe,
          nicolae_overflow_ecumenical_swirl, mainiacjoe_overflow_24_doors,
          serial_shops, shop, minmay_misc_feat_five
D:4:      layout_cave_pools, mainiacjoe_overflow_concentric_impassable,
          minmay_hedge_maze, uniq_pikel
D:5:      layout_loops_corners, mainiacjoe_overflow_chevrons,
          mainiacjoe_overflow_six_doors_small, serial_shops,
          nicolae_take_the_stairs, uniq_prince_ribbit1
D:6:      layout_gridville, temple_statues, uniq_blork_the_orc
D:7:      layout_loops_ring, minmay_misc_feat_rugged, kennysheep_dice
Temple:   regret_index_temple_generic_petals

Skill      XL: |  1  2  3  4  5  6  7  8 |
---------------+-------------------------+-----
Unarmed Combat | 3 4 5 6 8 9 11 | 11.4
Fighting       | |  3.0
Dodging        | |  2.0
Stealth        | |  6.6
Transmutations | |  0.1
Air Magic      | |  0.1

Action                   |  1- 3 |  4- 6 |  7- 9 || total
-------------------------+-------+-------+-------++-------
Melee: Unarmed           |    54 |   239 |    68 ||   361
       Constrict         |    12 |    24 |    28 ||    64
       Tentacles         |    10 |    53 |    24 ||    87
       Punch             |     2 |    11 |     4 ||    17
       Dagger            |       |       |    27 ||    27
Throw: Dart              |       |       |     3 ||     3
Evoke: Wand              |     1 |       |     2 ||     3
  Use: Scroll            |     1 |     5 |     8 ||    14
       Potion            |     1 |     1 |     1 ||     3
 Stab: Sleeping          |     6 |    18 |     7 ||    31
       Paralysed         |       |       |     4 ||     4
       Fleeing           |       |       |     1 ||     1
Armor: Skin              |     2 |    14 |     2 ||    18
Dodge: Dodged            |    29 |    56 |    44 ||   129

Table legend: (Time is in decaauts)
 A = Elapsed time spent in this place.
 B = Non-inter-level travel time spent in this place.
 C = Inter-level travel time spent in this place.
 D = Time resting spent in this place.
 E = Time spent auto-exploring this place.
 F = Levels seen in this place.
 G = Mean time per level.
                   A        B        C        D        E       F      G
               +--------+--------+--------+--------+--------+-----+--------+
         Total |   6508 |   5805 |    703 |   1072 |   3569 |   8 |  813.5 |
       Dungeon |   6276 |   5601 |    675 |   1072 |   3369 |   7 |  896.6 |
        Temple |    232 |    204 |     28 |      0 |    200 |   1 |  232.0 |
               +--------+--------+--------+--------+--------+-----+--------+

Top non-repeatable levels by time:
     D:5: 1656 daAuts
     D:3: 1163 daAuts
     D:6: 1092 daAuts
     D:2: 760 daAuts
     D:4: 724 daAuts
     D:7: 530 daAuts
     D:1: 347 daAuts
  Temple: 232 daAuts
